 Dungeon Crawl Stone Soup version 0.23.0-3-gf3c87f2 (webtiles) character file.

Game seed: 16299472232905186835

1596 ohad the Changer (level 8, 0/57 HPs)
             Began as an Octopode Transmuter on Feb 22, 2019.
             Was an Initiate of Gozag.
             Slain by an ogre
             ... wielding a +0 giant spiked club
              (30 damage)
             ... on level 7 of the Dungeon.
             The game lasted 00:15:33 (7907 turns).

ohad the Changer (Octopode Transmuter)              Turns: 7907, Time: 00:15:34

Health: 0/57       AC:  6    Str: 13    XL:     8   Next: 93%
Magic:  13/14      EV:  6    Int: 17    God:    Gozag
Gold:   456        SH:  0    Dex: 12    Spells: 7/16 levels left

rFire    x . .     SeeInvis .     - Unarmed
rCold    + + +     Gourm    .   (shield currently unavailable)
rNeg     . . .     Faith    .   (helmet currently unavailable)
rPois    +         Spirit   .   (no amulet)
rElec    .         Reflect  .   i - ring of stealth
rCorr    .         Harm     .   y - -2 ring of strength (curse)
MR       .....                  A - ring of poison resistance
Stlth    +.........             E - ring of attention (curse)
HPRegen  0.19/turn              m - +5 ring of strength
MPRegen  0.14/turn              (no ring)
                                (no ring)
                                (no ring)

@: ice-form, held
A: large, almost no armour, stealthy swim, amphibious, 8 rings, (constrict 8)
a: End Transformation, Potion Petition, Call Merchant, Bribe Branch, Renounce
Religion


You were on level 7 of the Dungeon.
You worshipped Gozag.
Gozag was aware of your devotion.
You were not hungry.
You were a creature of crystalline ice.
You visited 2 branches of the dungeon, and saw 8 of its levels.

You collected 572 gold pieces.
You spent 83 gold pieces at shops.
You paid 33 gold pieces to Gozag.

Inventory:

Hand Weapons
 q - a +1 flail of crushing
Missiles
 a - 136 arrows
 j - 24 poisoned needles
Jewellery
 g - a +3 ring of dexterity {unknown}
 i - a ring of stealth (left front paw)
 l - an uncursed ring of protection from cold
 m - a +5 ring of strength (on tentacle)
 y - a cursed -2 ring of strength (right front paw)
 A - a ring of poison resistance (on tentacle)
 E - a cursed ring of attention (on tentacle)
 G - an uncursed ring of wizardry {unknown}
Wands
 p - a wand of flame (7)
 C - a wand of paralysis (9)
 D - a wand of iceblast (6)
Scrolls
 b - 3 scrolls of teleportation
 d - a scroll of magic mapping
 f - a scroll of blinking
 h - 2 scrolls of fear
 n - a scroll of enchant weapon
 r - a scroll of amnesia
Potions
 e - 2 potions of heal wounds
 k - 2 potions of lignification
 o - 3 potions of curing
 s - a potion of brilliance
 t - 2 potions of mutation
 u - a potion of agility
 v - 2 potions of flight
 w - a potion of might
 x - a potion of invisibility
 z - 2 potions of degeneration {unknown}
 B - 2 potions of berserk rage {unknown}
 F - a potion of resistance {unknown}
Comestibles
 c - 7 rations


   Skills:
 - Level 1.0 Fighting
 + Level 5.2 Dodging
 - Level 5.1 Unarmed Combat
 - Level 4.6 Spellcasting
 - Level 6.7 Transmutations
 - Level 3.4 Ice Magic


You had 7 spell levels left.
You knew the following spells:

 Your Spells              Type           Power        Failure   Level  Hunger
b - Sticks to Snakes      Tmut           ####....     1%          2    ##.....
c - Spider Form           Tmut/Pois      ###.......   11%         3    ###....
d - Ice Form              Ice/Tmut       ###.....     19%         4    ####...

Your spell library contained the following spells:

 Spells                   Type           Power        Failure   Level  Hunger
 Beastly Appendage        Tmut           ####..       1%          1    None
 Shock                    Conj/Air       #...         16%         1    None
 Swiftness                Chrm/Air       #.......     22%         2    ##.....
 Blade Hands              Tmut           ####......   26%         5    ######.
 Static Discharge         Conj/Air       #.......     41%         3    ###....
 Airstrike                Air            #.........   83%         4    ####...
 Lightning Bolt           Conj/Air       #.........   99%         5    ######.


Dungeon Overview and Level Annotations

Branches:
Dungeon (7/15)             Temple (1/1) D:4

Altars:
Cheibriados
Elyvilon
Fedhas
Gozag
Makhleb
Nemelex Xobeh
Qazlal
Ru
Sif Muna
Trog
Vehumet
Xom
Yredelemnul
Zin

Shops:
D:5 *

Annotations:
D:6 3 runed translucent doors, Curus's ghost, novice MiFi


Innate Abilities, Weirdness & Mutations

You cannot wear most types of armour.
You are very stealthy in the water. (Stealth+)
You are amphibious.
You can wear up to eight rings at the same time.
((You can use your tentacles to constrict eight enemies at once.))
((Your skin changes colour to match your surroundings (Stealth+).))
((Your rubbery body absorbs attacks. (AC +1, EV +1)))


Message History

Things that are here:
8 gold pieces; a +0 spear You punch the gnoll!
You freeze the gnoll.
You kill the gnoll!
Unknown command.
You now have 456 gold pieces (gained 14).
Items here: )) [[ a +0 spear; a +0 trident; a +0 ring mail; a +0 shield The ogre shouts!
You hear a shout!
The gnoll becomes distracted by your gold, dreaming of imaginary riches.
The gnoll is no longer distracted by gold.
The ogre closely misses you.
The gnoll throws a throwing net.
The throwing net hits you.
You become entangled in the net!
You see here a throwing net.
You struggle against the net.
You tear a large gash into the net.
The ogre hits you with a +0 giant spiked club!!
Ouch! That really hurt!
You die...
Your body crumbles into a pile of gold.

......##........## ....Og
#####.#####'#....##......
......# #.#..#.#.......
..#########.#..#.#.......
#.#..<#.....#..#$#.......
#.....#.########)#.......
#.....#..# #.#Z#...=.
#........# #.O.g..#
#.#.###### #Y.....#
#.....[.. #......#
......... +..^.>.#
...#.#### #.....####
...#..# #.....##..
...##.# ########.# ###
...# .# #.# # #.. ...#
#.# #.##.# ...# ##### #.#
#....#


You could see an ogre, a gnoll and a worker ant zombie.

Vanquished Creatures
  A sky beast (D:6)
  A black bear (D:6)
  2 ogres
  A centaur (D:6)
  A gnoll sergeant (D:7)
  A bullfrog (D:7)
  2 scorpions
  A water moccasin skeleton (D:5)
  A wyvern skeleton (D:6)
  3 wights (D:7)
  A crimson imp (D:5)
  A centaur zombie (D:7)
  5 hounds
  A jelly (D:7)
  A centaur skeleton (D:4)
  2 orc wizards
  A worker ant (D:6)
  A hound skeleton (D:7)
  5 gnolls
  2 adders
  3 worms
  2 dart slugs (D:1)
  6 leopard geckos
  9 orcs
  5 giant cockroaches
  7 goblins
  11 hobgoblins
  6 jackals (D:4)
  5 kobolds
  A quokka (D:2)
  12 bats
  5 frilled lizards
  2 quokka skeletons (D:5)
  A quokka zombie (D:5)
  5 rats
114 creatures vanquished.

Vanquished Creatures (collateral kills)
  A hippogriff (D:7)
  Blork the orc (D:5)
  A kobold (D:3)
3 creatures vanquished.

Grand Total: 117 creatures vanquished

Notes
Turn   | Place    | Note
-------+----------+-------------------------------------------
     0 | D:1      | ohad the Octopode Transmuter began the quest for the Orb.
     0 | D:1      | Reached XP level 1. HP: 13/13 MP: 3/3
   317 | D:1      | Reached XP level 2. HP: 16/18 MP: 3/5
   512 | D:1      | Reached skill level 3 in Transmutations
   524 | D:1      | Learned a level 2 spell: Sticks to Snakes
   641 | D:1      | Reached XP level 3. HP: 10/23 MP: 4/6
  1498 | D:2      | Found a blossoming altar of Fedhas.
  1556 | D:2      | Reached skill level 4 in Transmutations
  1563 | D:2      | Learned a level 3 spell: Spider Form
  1759 | D:2      | Found a glowing silver altar of Zin.
  1772 | D:2      | Noticed an air elemental
  1773 | D:2      | Found a stormy altar of Qazlal.
  1775 | D:2      | Noticed a fire elemental
  1912 | D:2      | Noticed a water elemental
  1912 | D:2      | Noticed an earth elemental
  1927 | D:2      | Reached XP level 4. HP: 28/28 MP: 7/7
  2250 | D:3      | Found a shimmering altar of Xom.
  2997 | D:4      | Reached skill level 5 in Transmutations
  3001 | D:4      | Reached XP level 5. HP: 26/33 MP: 5/8
  3710 | D:4      | Reached skill level 6 in Transmutations
  3710 | D:4      | Reached XP level 6. HP: 24/38 MP: 9/9
  3922 | D:4      | Found a staircase to the Ecumenical Temple.
  3931 | Temple   | Entered the Ecumenical Temple
  4070 | Temple   | Became a worshipper of Gozag Ym Sagoz the Greedy
  4150 | D:5      | Entered Level 5 of the Dungeon
  4190 | D:5      | Found Maxkus's Assorted Antiques.
  4194 | D:5      | Bought a bubbling golden potion for 20 gold pieces
  4194 | D:5      | Bought a fizzy coppery potion for 20 gold pieces
  4194 | D:5      | Bought a bubbling orange potion for 20 gold pieces
  4194 | D:5      | Bought a scroll labeled LUONAF AKAH for 23 gold pieces
  4321 | D:5      | Noticed a phantom
  4686 | D:5      | Reached XP level 7. HP: 12/43 MP: 6/12
  4690 | D:5      | Noticed Blork the orc
  4710 | D:5      | Killed Blork the orc
  4862 | D:5      | Learned a level 4 spell: Ice Form
  5073 | D:5      | Reached skill level 1 in Ice Magic
  5379 | D:6      | Found a runed translucent gate.
  5380 | D:6      | Found a runed translucent gate.
  5381 | D:6      | Found a runed translucent gate.
  5383 | D:6      | Noticed Curus's ghost (novice MiFi)
  6311 | D:6      | Reached XP level 8. HP: 33/48 MP: 9/14
  6507 | D:6      | Found a sacrificial altar of Ru.
  7069 | D:7      | Noticed a hippogriff
  7246 | D:7      | Reached skill level 5 in Unarmed Combat
  7645 | D:7      | Killed a hippogriff
  7889 | D:7      | Reached skill level 5 in Dodging
  7907 | D:7      | Slain by an ogre

Skill      XL: |  1  2  3  4  5  6  7  8 |
---------------+-------------------------+-----
Transmutations | 3 4 5 6 |  6.7
Spellcasting   | 3 4 |  4.6
Ice Magic      | 3 |  3.4
Unarmed Combat | 5 |  5.1
Dodging        | 5 |  5.2
Fighting       | |  1.0

Action                   |  1- 3 |  4- 6 |  7- 9 || total
-------------------------+-------+-------+-------++-------
Melee: Unarmed           |    92 |   144 |   139 ||   375
       Constrict         |    26 |    24 |    10 ||    60
       Tentacles         |    14 |    19 |     5 ||    38
       Kick              |    25 |    16 |       ||    41
       Punch             |     1 |     1 |       ||     2
 Cast: Beastly Appendage |    23 |    13 |       ||    36
       Spider Form       |       |    11 |     3 ||    14
       Sticks to Snakes  |       |     3 |     5 ||     8
       Ice Form          |       |       |    11 ||    11
  Use: Scroll            |       |    12 |     5 ||    17
 Stab: Sleeping          |     9 |     3 |     4 ||    16
       Distracted        |       |     1 |       ||     1
       Paralysed         |       |       |     1 ||     1
  Eat: Chunk             |     4 |     8 |       ||    12
       Ration            |       |     1 |     4 ||     5
Armor: Skin              |    18 |    12 |    20 ||    50
Dodge: Dodged            |    49 |   106 |    78 ||   233
